 Dungeon Crawl Stone Soup version 0.28.0-1-gb440e238dd (webtiles) character file.

Game seed: 13831342736967156541

5779 issech the Basher (level 10, -7/88 HPs)
             Began as a Troll Monk on Feb 22, 2022.
             Was an Elder of Hepliaklqana.
             Shot with an arrow by a centaur warrior (14 damage)
             ... on level 9 of the Dungeon.
             The game lasted 00:33:47 (8088 turns).

issech the Basher (Troll Monk)                      Turns: 8088, Time: 00:33:48

Health: -7/88      AC:  5    Str: 21    XL:     10   Next: 50%
Magic:  0/9        EV: 13    Int:  6    God:    Hepliaklqana [****..]
Gold:   423        SH:  0    Dex: 16    Spells: 9/9 levels left

rFire   . . .      SeeInvis .   d - +1 mace (protect)
rCold   + . .      Faith    .   (no shield)
rNeg    . . .      Spirit   +   b - +0 robe
rPois   .          Reflect  .   (helmet restricted)
rElec   .          Harm     .   H - +0 cloak
rCorr   .          Rampage  .   (gloves unavailable)
Will    .....                   (boots unavailable)
Stlth   +++.......              M - amulet of guardian spirit
HPRegen 1.04/turn               k - ring of ice
MPRegen 0.11/turn               q - ring of protection from fire

@: slowed, very slow
A: reduced essence, large, unfitting armour, claws 3, regeneration 1, shaggy fur
1, tough skin 1
a: Renounce Religion, Recall Ancestor, Ancestor Identity, Transference, Idealise


You were on level 9 of the Dungeon.
You worshipped Hepliaklqana.
Hepliaklqana was greatly pleased with you.
You visited 2 branches of the dungeon, and saw 10 of its levels.

You collected 423 gold pieces.

Inventory:

Hand Weapons
 a - a +2 flail of freezing
 d - a +1 mace of protection (weapon)
 p - a +1 short sword of speed
 r - a +2 scimitar
 s - a +0 hunting sling
 t - a +4 scimitar
 w - a +0 giant spiked club
 E - a +3 halberd of freezing
 Q - a +4 mace
 U - a +2 morningstar
 W - a +2 shortbow of freezing
Missiles
 c - 289 stones (quivered)
 g - 133 arrows
 o - 23 bolts
 C - 36 sling bullets
 F - 4 boomerangs
 L - 2 atropa-tipped darts
 T - a curare-tipped dart
 V - 5 silver boomerangs
Armour
 b - a +0 robe (worn)
 H - a +0 cloak (worn)
Magical Staves
 I - a staff of death
Jewellery
 k - a ring of ice (left claw)
 q - a ring of protection from fire (right claw)
 B - a +6 ring of intelligence
 G - a +6 ring of intelligence
 M - an amulet of guardian spirit (around neck)
Wands
 O - a wand of charming (8)
Scrolls
 f - 2 scrolls of magic mapping
 h - 5 scrolls of fog
 i - 2 scrolls of enchant armour
 m - a scroll of teleportation
 u - a scroll of noise
 y - a scroll of torment
 A - 2 scrolls of blinking
 D - a scroll of summoning
 J - a scroll of amnesia
 N - 2 scrolls of fear
 P - a scroll of immolation
 S - a scroll of holy word
Potions
 e - 4 potions of curing {unknown}
 j - a potion of haste {unknown}
 l - a potion of might {unknown}
 n - a potion of flight {unknown}
 v - a potion of mutation {unknown}
 x - a potion of lignification {unknown}
 z - 2 potions of heal wounds {unknown}
 K - a potion of cancellation {unknown}


   Skills:
 + Level 6.2 Fighting
 + Level 9.8 Maces & Flails
 + Level 7.2 Dodging
 + Level 3.8 Stealth


You had 9 spell levels left.
You didn't know any spells.
Your spell library contained the following spells:

 Spells                   Type           Power      Damage    Failure   Level
 Freeze                   Ice            0%         1d3       45%         1
 Magic Dart               Conj           0%         1d3       45%         1
 Call Imp                 Summ           0%         N/A       58%         2
 Sublimation of Blood     Necr           0%         N/A       58%         2
 Frozen Ramparts          Ice            0%         1d2       83%         3
 Mephitic Cloud           Conj/Pois/Air  0%         N/A       83%         3
 Hailstorm                Conj/Ice       0%         3d3       99%         4
 Petrify                  Tmut/Erth      0%         N/A       99%         4
 Irradiate                Conj/Tmut      0%         3d13      100%        5
 Metabolic Englaciation   Hex/Ice        0%         N/A       100%        5
 Statue Form              Tmut/Erth      0%         N/A       100%        6


Dungeon Overview and Level Annotations

Branches:
Dungeon (9/15)             Temple (1/1) D:4
   Lair: D:8-11         Orc: D:9-12

Altars:
Ashenzari
Cheibriados
Dithmenos
Elyvilon
Fedhas
Gozag
Hepliaklqana
Kikubaaqudgha
Makhleb
Nemelex Xobeh
Okawaru
Qazlal
Ru
Sif Muna
Trog
Uskayaw
Vehumet
Wu Jian
Xom
Yredelemnul
Zin
The Shining One

Shops:
D:6 =   D:8 :


Innate Abilities, Weirdness & Mutations

Your life essence is reduced to manifest your ancestor. (-10% HP)
You are too large for most types of armour.
You have claws for hands.
Your natural rate of healing is unusually fast.
You are covered in fur. (AC +1)
You have tough skin. (AC +1)


Message History

There is a stone staircase leading down here.
You climb downwards.
The centaur warrior shoots an arrow.
The arrow hits you!
The centaur warrior shoots an arrow.
The arrow hits you!
You hear a shout!
There is a stone staircase leading up, spattered with blood here.
The centaur warrior shoots an arrow.
The arrow hits you!
The centaur warrior shoots an arrow.
The arrow hits you!!
The centaur warrior unwields a +0 shortbow.
The centaur warrior wields a +0 flail.
The centaur warrior barely misses you. The centaur warrior kicks you.
The centaur warrior hits you with a +0 flail!
The centaur warrior kicks you but does no damage.
The centaur warrior hits you with a +0 flail.
* * * LOW HITPOINT WARNING * * *
The centaur warrior closely misses you.
You closely miss the centaur warrior.
The centaur warrior hits you with a +0 flail.
* * * LOW HITPOINT WARNING * * *
The centaur warrior kicks you but does no damage.
Djefatnebti points at the centaur warrior and mumbles some strange words.
The puff of frost misses the centaur warrior.
The centaur warrior hits you with a +0 flail!
* * * LOW HITPOINT WARNING * * *
The centaur warrior barely misses you.
You swap places.
Djefatnebti barely misses the centaur warrior.
The centaur warrior unwields a +0 flail.
The centaur warrior wields a +0 shortbow.
The centaur warrior shoots an arrow.
The arrow hits Djefatnebti!
Djefatnebti barely misses the centaur warrior.
The centaur warrior shoots an arrow.
The arrow hits Djefatnebti.
The centaur warrior unwields a +0 shortbow.
The centaur warrior wields a +0 flail.
The centaur warrior hits Djefatnebti with a +0 flail!
The centaur warrior kicks Djefatnebti.
Djefatnebti hits the centaur warrior with a +0 quarterstaff.
The centaur warrior unwields a +0 flail.
The centaur warrior wields a +0 shortbow.
The centaur warrior shoots an arrow.
The arrow hits you!
You die...

##.###≈≈≈≈ . #.##
#######.#..'≈≈≈ #. #.#
...........# #.#####.##
##....#....# #.......##
......(.#..######
###.###..[
...##.cc#.......#####.#
#.##
...##...#.............#
#.##
........#.......####..#
#.#. .#....#.#R.@....#
#..# #.#.
......#.c.####.## #..#
#.#. ...W..#...# #.#
#..# #.#. ......#...#
#.# #..# #.#. .....
#...# #.# #..# #.#.
.### #...# #.# #..#
#.#. ....####.# #. #.#.
..........#####.. #.#.
.................###...


You could see the friendly Djefatnebti the battlemage and a centaur warrior
(ally target).

Vanquished Creatures
  A centaur warrior (D:8)
  A manticore (D:9)
  A hornet (D:7)
  A yak (D:8)
  A wraith (D:8)
  A steam dragon (D:8)
  A water moccasin (D:8)
  2 sky beasts (D:6)
  3 ogres
  3 necrophages (D:5)
  A phantom (D:4)
  A bullfrog (D:8)
  4 scorpions
  A water moccasin skeleton (D:5)
  7 wights
  A centaur zombie (D:7)
  A jelly (D:4)
  An orc priest (D:5)
  2 hounds (D:4)
  A human zombie (D:5)
  2 iguanas
  An orc wizard (D:7)
  A killer bee zombie (D:5)
  A hound skeleton (D:4)
  A mummy (D:5)
  A howler monkey zombie (D:7)
  6 adders
  5 gnolls
  A worm (D:2)
  4 dart slugs
  6 orcs
  13 endoplasms
  4 giant cockroaches
  3 goblins
  8 hobgoblins
  6 jackals (D:1)
  3 quokkas
  14 ball pythons
  9 bats
  5 frilled lizards
  10 kobolds
  3 rats
142 creatures vanquished.

Vanquished Creatures (collateral kills)
  Prince Ribbit (D:6)
  A water moccasin (D:8)
  An orc warrior (D:7)
  A black bear (D:6)
  A necrophage (D:7)
  2 ogres (D:5)
  2 centaurs
  A kobold brigand (D:8)
  3 bullfrogs
  A water moccasin zombie (D:5)
  8 wights
  An electric eel (D:8)
  A howler monkey (D:7)
  A centaur zombie (D:9)
  A bullfrog skeleton (D:7)
  4 hounds
  An orc priest (D:5)
  A gnoll shaman (D:7)
  A jelly (D:8)
  A centaur skeleton (D:5)
  4 iguanas
  3 orc wizards
  A scorpion zombie (D:5)
  A mummy (D:5)
  A howler monkey zombie (D:8)
  2 gnolls (D:7)
  2 shadow imps
  A white imp (D:7)
  An adder zombie (D:5)
  An adder skeleton (D:5)
  8 orcs
  A kobold (D:8)
60 creatures vanquished.

Vanquished Creatures (others)
  4 battlemagi (D:9)
  24 plants
28 creatures vanquished.

Grand Total: 230 creatures vanquished

Notes
Turn   | Place    | Note
-------+----------+-------------------------------------------
     0 | D:1      | issech the Troll Monk began the quest for the Orb.
     0 | D:1      | Reached XP level 1. HP: 22/22 MP: 0/0
    85 | D:1      | Reached XP level 2. HP: 29/29 MP: 1/1
   377 | D:1      | Reached skill level 3 in Maces & Flails
   411 | D:1      | Reached XP level 3. HP: 33/36 MP: 2/2
   708 | D:2      | Found a basalt altar of Yredelemnul.
   822 | D:2      | Found a faded altar of an unknown god.
   925 | D:1      | Reached XP level 4. HP: 25/44 MP: 3/3
  1266 | D:2      | Reached skill level 4 in Maces & Flails
  1266 | D:2      | Reached XP level 5. HP: 48/52 MP: 4/4
  1919 | D:3      | Noticed an ogre
  1984 | D:3      | Killed an ogre
  2102 | D:3      | Found a white marble altar of Elyvilon.
  2144 | D:3      | Reached XP level 6. HP: 61/61 MP: 5/5
  2646 | D:4      | Found a basalt altar of Yredelemnul.
  2646 | D:4      | Found an iron altar of Okawaru.
  2814 | D:4      | Reached skill level 5 in Maces & Flails
  2930 | D:4      | Reached XP level 7. HP: 49/67 MP: 6/6
  3202 | D:4      | Found a shimmering blue altar of Sif Muna.
  3319 | D:4      | Found a staircase to the Ecumenical Temple.
  3329 | Temple   | Entered the Ecumenical Temple
  3346 | Temple   | Became a worshipper of Hepliaklqana the Forgotten
  3346 | Temple   | Reached * piety under Hepliaklqana
  3346 | Temple   | Reached ** piety under Hepliaklqana
  3347 | Temple   | Remembered your ancestor Djefatnebti as a battlemage
  3506 | D:5      | Entered Level 5 of the Dungeon
  3686 | D:5      | Reached skill level 6 in Maces & Flails
  3850 | D:5      | Reached XP level 8. HP: 63/70 MP: 7/7
  3927 | D:5      | Reached skill level 5 in Dodging
  4030 | D:5      | Found an ancient bone altar of Kikubaaqudgha.
  4053 | D:5      | Reached skill level 7 in Maces & Flails
  4333 | D:5      | Reached *** piety under Hepliaklqana
  4946 | D:6      | You fall into a shaft and drop 2 floors!
  4982 | D:8      | Found Naakhlimu's Book Shop.
  5087 | D:8      | Reached XP level 9. HP: 27/76 MP: 8/8
  5100 | D:8      | Reached skill level 8 in Maces & Flails
  5622 | D:7      | Reached skill level 5 in Fighting
  5813 | D:6      | Reached **** piety under Hepliaklqana
  5911 | D:6      | Found a blossoming altar of Fedhas.
  5926 | D:6      | Noticed Prince Ribbit
  5942 | D:6      | Killed Prince Ribbit
  6227 | D:6      | Reached skill level 9 in Maces & Flails
  6332 | D:6      | Found a stormy altar of Qazlal.
  6408 | D:6      | Found Quugheet's Jewellery Boutique.
  6632 | D:7      | Found a sacrificial altar of Ru.
  6644 | D:7      | Found a broken altar of Ashenzari.
  6665 | D:7      | Reached XP level 10. HP: 57/87 MP: 7/9
  6878 | D:7      | Found a glowing golden altar of the Shining One.
  7546 | D:9      | Noticed a centaur warrior
  7699 | D:9      | Noticed a manticore
  7722 | D:9      | Killed a manticore
  7938 | D:9      | Noticed a centaur warrior
  7998 | D:8      | Killed a centaur warrior
  8086 | D:9      | HP: 4/88 [centaur warrior (16)]
  8088 | D:9      | Shot with an arrow by a centaur warrior

Illustrated notes

Levels and vault maps discovered:
D:1:      dpeg_arrival_tiny_h, layout_rooms
D:2:      layout_basic, basic_altar, ebering_ecumenical_altar_rust
D:3:      wad_woods_pond, layout_loops_ring, mainiacjoe_overflow_boulevard
D:4:      layout_rooms, jmf_multi_god_temple, nicolae_overflow_crystal_walls,
          minmay_temple_entry_statues_pillars
D:5:      layout_layer_cave, lemuel_mausoleum_altar_kikubaaqudgha,
          kennysheep_windowed_goal
D:6:      layout_basic, mainiacjoe_overflow_tiny_flanked,
          mainiacjoe_overflow_alcove_2, serial_shops, nicolae_lakefront_shop,
          corexii_corridor_pit, uniq_prince_ribbit1
D:7:      layout_basic, ashenzari_altar_1, lemuel_round_altar,
          mainiacjoe_overflow_surrounded_room, grunt_ministairs_10
D:8:      layout_basic, serial_shops, shop, kennysheep_path_1,
          kennysheep_generic_room_9
D:9:      minmay_cut_squares, layout_loops_ring, chequers_serial_rivers_room_b,
          kennysheep_generic_room_16, uniq_pikel, uniq_erica
Temple:   nicolae_temple_x_marks_the_god

Skill      XL: |  1  2  3  4  5  6  7  8  9 10 |
---------------+-------------------------------+-----
Dodging        | 3 4 5 6 7 |  7.2
Maces & Flails | 3 4 5 6 7 9 |  9.8
Fighting       | 3 4 5 6 |  6.2
Stealth        | 2 3 |  3.8

Action                   |  1- 3 |  4- 6 |  7- 9 | 10-12 || total
-------------------------+-------+-------+-------+-------++-------
Melee: Mace              |   152 |   241 |   251 |   115 ||   759
       Punch             |     1 |     3 |     9 |     1 ||    14
Throw: Stone             |       |     1 |     3 |       ||     4
Invok: Ancestor Life: Ba |       |       |     1 |       ||     1
       Recall Ancestor   |       |       |     1 |       ||     1
  Use: Scroll            |       |     3 |     8 |     1 ||    12
 Stab: Sleeping          |     1 |     2 |     6 |     1 ||    10
       Distracted        |       |       |     3 |     1 ||     4
Armor: Robe              |   101 |    71 |   107 |    30 ||   309
Dodge: Dodged            |   145 |   138 |   166 |    87 ||   536
